 Dungeon Crawl Stone Soup version 0.23-a0-451-g1044d4c (webtiles) character file.

98 emperorscorpion the Skirmisher (level 4, -7/41 HPs)
             Began as a Minotaur Abyssal Knight on Nov 22, 2018.
             Was a Believer of Lugonu.
             Mangled by a gnoll
             ... wielding a +0 halberd
              (16 damage)
             ... on level 2 of the Dungeon.
             The game lasted 00:02:07 (1709 turns).

emperorscorpion the Skirmisher (MiAK)               Turns: 1709, Time: 00:02:08

Health: -7/41      AC:  6    Str: 18    XL:     4   Next: 43%
Magic:  4/4        EV: 10    Int:  9    God:    Lugonu [**....]
Gold:   112        SH:  2    Dex:  9    Spells: 3/3 levels left

rFire    . . .     SeeInvis .   a - +1 hand axe
rCold    . . .     Gourm    .   l - +0 buckler
rNeg     + . .     Faith    .   m - +0 ring mail
rPois    .         Spirit   .   (helmet restricted)
rElec    .         Reflect  .   (no cloak)
rCorr    .         Harm     .   v - +0 pair of gloves
MR       +....                  (no boots)
Stlth    ..........             (no amulet)
HPRegen  0.13/turn              p - ring of protection from magic
MPRegen  0.09/turn              t - ring of positive energy

@: no status effects
A: retaliatory headbutt, horns 2
a: Depart the Abyss, Bend Space, Renounce Religion


You were on level 2 of the Dungeon.
You worshipped Lugonu.
Lugonu was pleased with you.
You were not hungry.

You visited 1 branch of the dungeon, and saw 2 of its levels.
You visited the Abyss 1 time.

You collected 112 gold pieces.

Inventory:

Hand Weapons
 a - a +1 hand axe (weapon)
 b - a +0 spear
Missiles
 r - 27 poisoned needles
Armour
 i - a +0 leather armour
 l - a +0 buckler (worn)
 m - a +0 ring mail (worn)
 v - a +0 pair of gloves (worn)
Jewellery
 p - a ring of protection from magic (left hand)
 t - a ring of positive energy (right hand)
Scrolls
 e - a scroll of enchant weapon {unknown}
 g - a scroll of enchant armour {unknown}
 h - 2 scrolls of teleportation {unknown}
 n - a scroll of fog {unknown}
 o - a scroll of identify {unknown}
 s - a scroll of remove curse {unknown}
Potions
 d - a potion of curing {unknown}
 f - a potion of cancellation {unknown}
 j - 2 potions of heal wounds {unknown}
 k - 2 potions of resistance {unknown}
 q - a potion of might {unknown}
Comestibles
 c - 7 rations
 u - 4 chunks of flesh


   Skills:
 + Level 4.8 Fighting
 + Level 3.9 Axes
 + Level 3.1 Armour
 + Level 1.5 Dodging
 + Level 2.0 Invocations


You had 3 spell levels left.
You didn't know any spells.
Your spell library was empty.

Dungeon Overview and Level Annotations

Branches:
Dungeon (2/15)

Altars:
Trog


Innate Abilities, Weirdness & Mutations

You reflexively headbutt those who attack you in melee.
You have a pair of horns on your head.


Message History

The gnoll hits you with a +0 halberd!
The gnoll hits you with a cursed -3 whip.
You hit the gnoll but do no damage.
The gnoll is moderately wounded.
You completely miss the gnoll. The gnoll barely misses you.
The gnoll closely misses you.
You hit the gnoll but do no damage.
The gnoll is moderately wounded.
You hit the gnoll. The gnoll hits you but does no damage.
The gnoll hits you with a +0 halberd.
You are too injured to fight recklessly!
You are too injured to fight recklessly!
You are too injured to fight recklessly!
You hit the gnoll but do no damage.
The gnoll is moderately wounded.
You hit the gnoll.
The gnoll hits you with a cursed -3 whip!
* * * LOW HITPOINT WARNING * * *
The gnoll hits you with a +0 halberd!
You die...

# #.#..............#....
###....####.#...........
.####...##..............
## #....................
.# #............>..<....
.# #..(.................
.# #....................
.# #...........gg.......
.# #............@..#....
.# #..........##)######
.# #..........##.#
.###.............#
..##...........###
#..####..)....##
##............#
.###..........#####
..................#


You could see 2 gnolls.

Vanquished Creatures
  2 gnolls
  2 adders (D:2)
  A worm (D:2)
  2 dart slugs (D:1)
  A ball python (D:1)
  7 bats
  2 giant cockroaches (D:1)
  5 goblins
  8 hobgoblins
  4 jackals
  2 quokkas (D:2)
  8 frilled lizards
  4 kobolds
  5 rats
53 creatures vanquished.

Notes
Turn   | Place    | Note
-------+----------+-------------------------------------------
     0 | Abyss:1  | emperorscorpion the Minotaur Abyssal Knight began the quest
                  | for the Orb.
     0 | Abyss:1  | Reached XP level 1. HP: 19/19 MP: 1/1
    63 | Abyss:1  | Noticed a small abomination
    63 | Abyss:1  | Noticed a tentacled starspawn
    64 | D:1      | Escaped the Abyss
    90 | D:1      | Reached * piety under Lugonu
   222 | D:1      | Reached skill level 4 in Fighting
   222 | D:1      | Reached XP level 2. HP: 27/27 MP: 2/2
   584 | D:1      | Reached XP level 3. HP: 33/33 MP: 3/3
   740 | D:1      | Reached ** piety under Lugonu
  1045 | D:2      | Found a bloodstained altar of Trog.
  1273 | D:2      | Reached XP level 4. HP: 29/41 MP: 4/4
  1709 | D:2      | Mangled by a gnoll

Vault maps used:
D:1:      dpeg_arrival_central, minmay_tetromino_s2
D:2:      lemuel_doored_altar

Skill      XL: |  1  2  3 |
---------------+----------+-----
Fighting       | 4 |  4.8
Axes           | 3 |  3.9
Invocations    | 2 |  2.0
Armour         | 3 |  3.1
Dodging        | |  1.5

Action                   |  1- 3 |  4- 6 || total
-------------------------+-------+-------++-------
Melee: Hand axe          |    73 |    27 ||   100
       Headbutt          |    10 |     2 ||    12
Invok: Depart the Abyss  |     1 |       ||     1
  Eat: Chunk             |     1 |     2 ||     3
Armor: Leather armour    |    10 |       ||    10
       Ring mail         |    19 |    12 ||    31
Dodge: Dodged            |    57 |    22 ||    79
Block: Buckler           |     3 |     4 ||     7

Table legend:
 A = Non-vault XP
 B = Vault XP
 C = Vault XP percentage of total XP
 D = Non-vault monster count
 E = Vault monster count
 F = Vault count percentage of total count
                 A         B        C        D         E       F
            +---------+---------+-------+---------+---------+-------
      Total |     140 |       0 |   0.0 |      53 |       0 |   0.0
            +---------+---------+-------+---------+---------+-------
        D:1 |      64 |       0 |   0.0 |      30 |       0 |   0.0
        D:2 |      76 |       0 |   0.0 |      23 |       0 |   0.0
            +---------+---------+-------+---------+---------+-------
